 Dungeon Crawl Stone Soup version 0.21.0-3-g78d12a8 (webtiles) character file.

4422 manyhoops the Basher (level 10, -7/68 HPs)
             Began as a Gnoll Wanderer on Jan 8, 2018.
             Was a Follower of Hepliaklqana.
             Mangled by a slime creature (11 damage)
             ... on level 8 of the Dungeon.
             The game lasted 00:16:29 (8371 turns).

manyhoops the Basher (Gnoll Wanderer)               Turns: 8371, Time: 00:16:30

Health: -7/68      AC:  9    Str: 19    XL:     10   Next: 36%
Magic:  18/18      EV: 14    Int: 12    God:    Hepliaklqana [*.....]
Gold:   371        SH:  0    Dex: 16    Spells: 11/20 levels left

rFire    . . .     SeeInvis .   a - +2 mace
rCold    + . .     Gourm    .   (no shield)
rNeg     . . .     Faith    .   D - +1 ring mail {rC+}
rPois    .         Spirit   .   x - +0 helmet
rElec    .         Reflect  .   (no cloak)
rCorr    .         Harm     .   (no gloves)
MR       .....                  i - +0 pair of boots
Stlth    +++.......             u - amulet of regeneration
HPRegen  0.61/turn              (no ring)
MPRegen  0.16/turn              (no ring)

@: about to teleport
A: distributed training, reduced essence, fangs 1, strong nose
a: Recall Ancestor, Ancestor Identity, Renounce Religion


You were on level 8 of the Dungeon.
You worshipped Hepliaklqana.
Hepliaklqana was aware of your devotion.
You were not hungry.

You visited 1 branch of the dungeon, and saw 8 of its levels.

You collected 371 gold pieces.

Inventory:

Hand Weapons
 a - a +2 mace (weapon)
 k - a +0 shortbow
Missiles
 o - 54 bolts
 w - 287 stones (quivered)
 C - 68 arrows
Armour
 i - a +0 pair of boots (worn)
 x - a +0 helmet (worn)
 D - a +1 ring mail of cold resistance (worn)
 L - +1 ice dragon scales
Jewellery
 j - a +2 ring of strength {unknown}
 u - an amulet of regeneration (around neck)
Wands
 n - a wand of iceblast (7)
 s - a wand of enslavement (9)
 v - a wand of polymorph (19)
 K - a wand of paralysis (5)
Scrolls
 b - 8 scrolls of teleportation
 d - 5 scrolls of remove curse
 e - 2 scrolls of magic mapping
 t - 2 scrolls of fear
 y - 2 scrolls of immolation
 A - a scroll of noise {unknown}
 B - a scroll of enchant armour {unknown}
 I - a scroll of silence {unknown}
 J - a scroll of amnesia {unknown}
Potions
 c - 11 potions of curing
 h - a potion of magic {unknown}
 l - a potion of flight
 p - 3 potions of haste
 q - 2 potions of agility
 r - a potion of brilliance
 E - a potion of berserk rage {unknown}
 F - 2 potions of mutation {unknown}
 G - a potion of might
Books
 g - a book of Cantrips

   Spells                             Type                      Level
   a - Confusing Touch                Hexes                        1
   b - Animate Skeleton               Necromancy                   1
   c - Summon Small Mammal            Summoning                    1
   d - Apportation                    Translocation                1
 m - a book of Changes

   Spells                             Type                      Level
   a - Beastly Appendage              Transmutation                1
   b - Sticks to Snakes               Transmutation                2
   c - Spider Form                    Transmutation/Poison         3
   d - Ice Form                       Ice/Transmutation            4
   e - Blade Hands                    Transmutation                5
 z - a book of Enchantments

   Spells                             Type                      Level
   a - Cause Fear                     Hexes                        4
   b - Yara's Violent Unravelling     Hexes/Transmutation          5
   c - Silence                        Hexes/Air                    5
   d - Deflect Missiles               Charms/Air                   6
   e - Discord                        Hexes                        8
 H - a book of Minor Magic

   Spells                             Type                      Level
   a - Magic Dart                     Conjuration                  1
   b - Blink                          Translocation                2
   c - Call Imp                       Summoning                    2
   d - Slow                           Hexes                        2
   e - Conjure Flame                  Conjuration/Fire             3
   f - Mephitic Cloud                 Conjuration/Poison/Air       3
Comestibles
 f - 10 rations


   Skills:
 + Level 5.8 Fighting
 + Level 5.1 Short Blades
 + Level 5.1 Long Blades
 + Level 5.1 Axes
 + Level 8.4 Maces & Flails
 + Level 5.1 Polearms
 + Level 5.1 Staves
 + Level 5.1 Slings
 + Level 5.1 Bows
 + Level 5.1 Crossbows
 + Level 5.1 Throwing
 + Level 5.8 Armour
 + Level 5.1 Dodging
 + Level 5.7 Stealth
 + Level 5.1 Shields
 + Level 5.1 Unarmed Combat
 + Level 5.9 Spellcasting
 + Level 4.2 Conjurations
 + Level 4.2 Hexes
 + Level 4.2 Charms
 + Level 4.2 Summonings
 + Level 4.2 Necromancy
 + Level 4.2 Translocations
 + Level 4.2 Transmutations
 + Level 4.2 Fire Magic
 + Level 5.7 Ice Magic
 + Level 4.2 Air Magic
 + Level 4.2 Earth Magic
 + Level 4.2 Poison Magic
 + Level 5.6 Invocations
 + Level 5.8 Evocations


You had 11 spell levels left.
You knew the following spells:

 Your Spells              Type           Power        Failure   Level  Hunger
a - Sticks to Snakes      Tmut           ##......     8%          2    ##.....
b - Summon Small Mammal   Summ           ##..         4%          1    None
c - Animate Skeleton      Necr           N/A          4%          1    None
d - Conjure Flame         Conj/Fire      ##......     16%         3    ###....
e - Blink                 Tloc           N/A          8%          2    ##.....


Dungeon Overview and Level Annotations

Branches:
Dungeon (8/15)             Temple (0/1) D:5
   Lair: D:8-11

Altars:
Elyvilon
Fedhas
Hepliaklqana
Qazlal
Sif Muna
Vehumet
Xom
Zin
Jiyva


Innate Abilities, Weirdness & Mutations

Your experience applies equally to all skills.
You have very sharp teeth.
Your uncanny sense of smell can sniff out nearby items.
Your life essence is reduced to manifest your ancestor. (-10% HP)


Message History

The slime creature barely misses Tiberia.
The slime creature hits you!
* * * LOW HITPOINT WARNING * * *
The large slime creature hits you!!
* * * LOW HITPOINT WARNING * * *
Tiberia hits the slime creature.
The slime creature jiggles.
The slime creature hits Tiberia!
Two slime creatures merge to form a very large slime creature.
You see here a scroll of fear.
Tiberia hits the slime creature.
The slime creature closely misses Tiberia.
Tiberia hits the slime creature!
The slime creature hits Tiberia!
Tiberia hits the slime creature.
The slime creature barely misses Tiberia.
There is a transporter here.
You enter the transporter and appear at another place.
As you read the scroll of teleportation, it crumbles to dust.
You feel strangely unstable. The slime creature hits you!
You die...

###.#....#
###.$}).### #
#......# #..._$..#
# ##.....#
###.)?$.### #
#.....# #.........#
# #.....#
##..#J#..## #
#.....# ##.###©##
####..#### #######
......# ###########
####..# #.....#.@.#
#..# #.###.#J.##
#..# #.###'#.###
####..###.##......#
..........##......#
.###.#[#####......#
.# #...>..........#
.# ####.###########
.######.#


You could see a very large slime creature and a slime creature.

Vanquished Creatures
  2 two-headed ogres (D:8)
  Duvessa (D:4)
  A sky beast (D:7)
  2 orc warriors (D:8)
  A phantom (D:5)
  An ogre (D:7)
  2 centaurs
  A crocodile (D:8)
  Blork the orc (D:4)
  A gnoll sergeant (D:7)
  2 bullfrogs
  Dowan (D:4)
  2 scorpions (D:4)
  A howler monkey (D:6)
  A bullfrog zombie (D:8)
  A crimson imp (D:8)
  4 orc priests
  A gnoll shaman (D:6)
  5 hounds
  A jelly (D:8)
  A bullfrog skeleton (D:6)
  An iguana (D:6)
  7 orc wizards
  9 worker ants
  A hound skeleton (D:8)
  Robin (D:4)
  14 gnolls
  7 adders
  A howler monkey skeleton (D:4)
  A river rat (D:4)
  2 shadow imps (D:6)
  An ooze (D:1)
  An adder zombie (D:5)
  An adder skeleton (D:6)
  2 worms
  2 dart slugs
  2 leopard geckos
  15 orcs
  A ball python (D:8)
  5 giant cockroaches
  21 goblins
  12 hobgoblins
  9 jackals
  5 kobolds
  3 quokkas
  7 bats
  7 frilled lizards
  A leopard gecko zombie (D:6)
  A quokka skeleton (D:6)
  A quokka zombie (D:5)
  10 rats
  A butterfly (D:5)
185 creatures vanquished.

Vanquished Creatures (collateral kills)
  A hippogriff (D:7)
  A water moccasin (D:6)
  A necrophage (D:8)
  An ogre (D:6)
  A phantom (D:8)
  A centaur (D:8)
  A bullfrog (D:6)
  A gnoll (D:6)
  2 orcs (D:8)
10 creatures vanquished.

Vanquished Creatures (others)
  5 ancestors
  2 plants (D:4)
7 creatures vanquished.

Grand Total: 202 creatures vanquished

Notes
Turn   | Place    | Note
-------+----------+-------------------------------------------
     0 | D:1      | manyhoops the Gnoll Wanderer began the quest for the Orb.
     0 | D:1      | manyhoops set off with: a +2 mace, a scroll of teleportation, a potion of curing, a +0 robe, a ration
     0 | D:1      | Reached XP level 1. HP: 17/17 MP: 4/4
    92 | D:1      | Reached XP level 2. HP: 14/23 MP: 5/5
   898 | D:1      | Reached XP level 3. HP: 15/28 MP: 7/7
  1282 | D:2      | Found a radiant altar of Vehumet.
  1322 | D:2      | Reached skill level 1 in Invocations
  1420 | D:2      | Found a shimmering altar of Xom.
  1561 | D:2      | Reached skill level 1 in Short Blades
  1561 | D:2      | Reached skill level 1 in Long Blades
  1561 | D:2      | Reached skill level 1 in Axes
  1561 | D:2      | Reached skill level 1 in Polearms
  1561 | D:2      | Reached skill level 1 in Staves
  1561 | D:2      | Reached skill level 1 in Slings
  1561 | D:2      | Reached skill level 1 in Bows
  1561 | D:2      | Reached skill level 1 in Crossbows
  1561 | D:2      | Reached skill level 1 in Throwing
  1561 | D:2      | Reached skill level 1 in Dodging
  1561 | D:2      | Reached skill level 1 in Shields
  1561 | D:2      | Reached skill level 1 in Unarmed Combat
  1866 | D:3      | Reached XP level 4. HP: 31/34 MP: 8/8
  2352 | D:3      | Reached skill level 1 in Conjurations
  2352 | D:3      | Reached skill level 1 in Hexes
  2352 | D:3      | Reached skill level 1 in Charms
  2352 | D:3      | Reached skill level 1 in Summonings
  2352 | D:3      | Reached skill level 1 in Necromancy
  2352 | D:3      | Reached skill level 1 in Translocations
  2352 | D:3      | Reached skill level 1 in Transmutations
  2352 | D:3      | Reached skill level 1 in Fire Magic
  2352 | D:3      | Reached skill level 1 in Air Magic
  2352 | D:3      | Reached skill level 1 in Earth Magic
  2352 | D:3      | Reached skill level 1 in Poison Magic
  2840 | D:3      | Reached XP level 5. HP: 34/40 MP: 9/9
  3172 | D:4      | Reached XP level 6. HP: 47/47 MP: 10/10
  3193 | D:4      | Noticed Duvessa
  3248 | D:4      | Killed Duvessa
  3261 | D:4      | Noticed Dowan
  3268 | D:4      | Killed Dowan
  3335 | D:4      | Reached XP level 7. HP: 47/52 MP: 12/12
  3502 | D:4      | Noticed Sigmund
  3503 | D:4      | Noticed Blork the orc
  3525 | D:4      | Noticed Sigmund
  3548 | D:4      | Killed Sigmund the river rat
  3689 | D:4      | Found a glowing silver altar of Zin.
  3996 | D:4      | Noticed Robin
  4028 | D:4      | Reached skill level 7 in Maces & Flails
  4036 | D:4      | Killed Robin
  4517 | D:4      | Killed Blork the orc
  4633 | D:5      | Entered Level 5 of the Dungeon
  4953 | D:5      | Found a staircase to the Ecumenical Temple.
  5218 | D:5      | Found a hazy altar of Hepliaklqana.
  5218 | D:5      | Found a stormy altar of Qazlal.
  5219 | D:5      | Found a white marble altar of Elyvilon.
  5383 | D:5      | Became a worshipper of Hepliaklqana the Forgotten
  5432 | D:6      | Reached XP level 8. HP: 46/54 MP: 14/14
  5740 | D:6      | Found a blossoming altar of Fedhas.
  5865 | D:6      | Got an ichor-stained dagger
  5866 | D:6      | Identified the +3 dagger "Ufukockiff" {antimagic, rC+ MR+} (You found it on level 6 of the Dungeon)
  6344 | D:6      | Reached * piety under Hepliaklqana
  6450 | D:6      | Learned a level 2 spell: Sticks to Snakes
  6452 | D:6      | Learned a level 1 spell: Summon Small Mammal
  6508 | D:6      | Learned a level 1 spell: Animate Skeleton
  6537 | D:7      | Reached XP level 9. HP: 49/59 MP: 16/16
  6549 | D:7      | Found a deep blue altar of Sif Muna.
  6568 | D:7      | Reached skill level 5 in Ice Magic
  6844 | D:7      | Reached skill level 5 in Spellcasting
  6968 | D:7      | Reached skill level 5 in Fighting
  6968 | D:7      | Reached skill level 5 in Armour
  6968 | D:7      | Reached skill level 5 in Evocations
  7176 | D:8      | Reached skill level 5 in Stealth
  7186 | D:8      | Learned a level 3 spell: Conjure Flame
  7189 | D:8      | Learned a level 2 spell: Blink
  7538 | D:8      | Noticed a two-headed ogre
  7575 | D:8      | Killed a two-headed ogre
  7575 | D:8      | Reached skill level 8 in Maces & Flails
  7575 | D:8      | Reached skill level 5 in Invocations
  7575 | D:8      | Reached XP level 10. HP: 62/65 MP: 10/18
  7838 | D:8      | Found a transporter.
  7960 | D:8      | Noticed a two-headed ogre
  7984 | D:8      | Killed a two-headed ogre
  7984 | D:8      | Reached skill level 5 in Short Blades
  7984 | D:8      | Reached skill level 5 in Long Blades
  7984 | D:8      | Reached skill level 5 in Axes
  7984 | D:8      | Reached skill level 5 in Polearms
  7984 | D:8      | Reached skill level 5 in Staves
  7984 | D:8      | Reached skill level 5 in Slings
  7984 | D:8      | Reached skill level 5 in Bows
  7984 | D:8      | Reached skill level 5 in Crossbows
  7984 | D:8      | Reached skill level 5 in Throwing
  7984 | D:8      | Reached skill level 5 in Dodging
  7984 | D:8      | Reached skill level 5 in Shields
  7984 | D:8      | Reached skill level 5 in Unarmed Combat
  8120 | D:8      | Found a viscous altar of Jiyva.
  8359 | D:8      | Found a transporter.
  8365 | D:8      | HP: 1/68 [large slime creature (18)]
  8371 | D:8      | Mangled by a slime creature

Skill      XL: |  1  2  3  4  5  6  7  8  9 10 |
---------------+-------------------------------+-----
Invocations    | 1 2 3 4 5 |  5.6
Short Blades   | 1 2 3 4 5 |  5.1
Long Blades    | 1 2 3 4 5 |  5.1
Axes           | 1 2 3 4 5 |  5.1
Polearms       | 1 2 3 4 5 |  5.1
Staves         | 1 2 3 4 5 |  5.1
Slings         | 1 2 3 4 5 |  5.1
Bows           | 1 2 3 4 5 |  5.1
Crossbows      | 1 2 3 4 5 |  5.1
Throwing       | 1 2 3 4 5 |  5.1
Dodging        | 1 2 3 4 5 |  5.1
Shields        | 1 2 3 4 5 |  5.1
Unarmed Combat | 1 2 3 4 5 |  5.1
Spellcasting   | 3 4 5 |  5.9
Conjurations   | 1 2 3 4 |  4.2
Hexes          | 1 2 3 4 |  4.2
Charms         | 1 2 3 4 |  4.2
Summonings     | 1 2 3 4 |  4.2
Necromancy     | 1 2 3 4 |  4.2
Translocations | 1 2 3 4 |  4.2
Transmutations | 1 2 3 4 |  4.2
Fire Magic     | 1 2 3 4 |  4.2
Air Magic      | 1 2 3 4 |  4.2
Earth Magic    | 1 2 3 4 |  4.2
Poison Magic   | 1 2 3 4 |  4.2
Fighting       | 3 4 5 |  5.8
Armour         | 3 4 5 |  5.8
Ice Magic      | 4 5 |  5.7
Evocations     | 3 4 5 |  5.8
Stealth        | 3 4 5 |  5.7
Maces & Flails | 7 8 |  8.4

Action                   |  1- 3 |  4- 6 |  7- 9 | 10-12 || total
-------------------------+-------+-------+-------+-------++-------
Melee: Mace              |   111 |   116 |   346 |    58 ||   631
       Bite              |     7 |    16 |    45 |     6 ||    74
       Punch             |       |       |     4 |     1 ||     5
 Fire: Shortbow          |       |       |    21 |     8 ||    29
 Cast: Summon Small Mamm |       |       |     3 |       ||     3
       Conjure Flame     |       |       |     2 |     1 ||     3
Evoke: Wand              |       |       |     6 |     6 ||    12
  Use: Scroll            |     7 |     3 |     6 |     1 ||    17
       Potion            |     1 |     3 |     4 |     1 ||     9
 Stab: Sleeping          |     4 |       |     4 |       ||     8
       Distracted        |       |       |     1 |       ||     1
  Eat: Chunk             |     2 |     6 |     8 |     2 ||    18
       Ration            |       |       |     2 |       ||     2
Armor: Robe              |     3 |       |       |       ||     3
       Scale mail        |    38 |    44 |   109 |       ||   191
       Ring mail         |       |       |    38 |    26 ||    64
       Skin              |       |       |     3 |     6 ||     9
Dodge: Dodged            |    55 |    59 |   215 |    52 ||   381
